 Dungeon Crawl Stone Soup version 0.28.0-53-g5a82cb258f (webtiles) character file.

Game seed: 4875728072124158454

53 DildoBatman the Conjurer (level 4, -2/31 HPs)
             Began as a Formicid Conjurer on June 30, 2022.
             Slain by an orc
             ... wielding a +0 trident
              (9 damage)
             ... on level 3 of the Dungeon.
             The game lasted 00:03:23 (1389 turns).

DildoBatman the Conjurer (Formicid Conjurer)        Turns: 1389, Time: 00:03:23

Health: -2/31      AC:  2    Str: 12    XL:     4   Next: 10%
Magic:  3/7        EV:  9    Int: 17    God:
Gold:   54         SH:  0    Dex: 11    Spells: 4/7 levels left

rFire   . . .      SeeInvis +   a - staff of air
rCold   . . .      Faith    .   (no shield)
rNeg    . . .      Spirit   .   c - +0 robe
rPois   .          Reflect  .   (helmet unavailable)
rElec   +          Harm     .   (no cloak)
rCorr   .          Rampage  .   (no gloves)
Will    .....                   (no boots)
Stlth   ++........              (no amulet)
HPRegen 0.10/turn               (no ring)
MPRegen 0.10/turn               (no ring)

@: constricted
A: permanent stasis, dig shafts and tunnels, antennae 3, four strong arms
a: Dig, Shaft Self


You were on level 3 of the Dungeon.
You visited 1 branch of the dungeon, and saw 3 of its levels.

You collected 54 gold pieces.

Inventory:

Missiles
 b - 101 stones
 f - 18 sling bullets
 g - 20 arrows
Armour
 c - a +0 robe (worn)
Magical Staves
 a - a staff of air (weapon)
Scrolls
 d - 2 scrolls of teleportation {unknown}
 i - a scroll of enchant weapon {unknown}
Potions
 e - a potion of curing {unknown}
 h - 2 potions of brilliance {unknown}


   Skills:
 * Level 0.6 Fighting
 * Level 0.6 Armour
 - Level 1.7 Dodging
 - Level 2.4 Stealth
 * Level 2.3 Spellcasting
 * Level 4.6 Conjurations


You had 4 spell levels left.
You knew the following spells:

 Your Spells              Type           Power      Damage    Failure   Level
a - Searing Ray           Conj           34%        2d5       4%          2
c - Magic Dart            Conj           68%        1d6       2%          1

Your spell library contained the following spells:

 Spells                   Type           Power      Damage    Failure   Level
 Sandblast                Erth           4%         2d4       19%         1
 Dazzling Flash           Conj/Hex       18%        N/A       22%         3
 Fulminant Prism          Conj/Hex       4%         3d6       56%         4
 Iskenderun's Mystic Bla  Conj/Tloc      9%         2d4       56%         4


Dungeon Overview and Level Annotations

Branches:
Dungeon (2/15)

Altars:
Trog

Annotations:
D:2 Sigmund


Innate Abilities, Weirdness & Mutations

You cannot be hasted, slowed, berserked, paralysed or teleported.
You can dig through walls and to a lower floor.
You have a pair of large antennae on your head. (SInv)
Your four strong arms can wield two-handed weapons with a shield.


Message History

You shout for attention!
The ball python bites you. The ball python constricts you. The bat misses you.
The hobgoblin barely misses you. What are your orders? t - Shout!
Orders for allies: a - Attack new target. r - Retreat! s - Stop attacking. g - Guard the area. f - Follow me.
Anything else - Cancel.
You shout for attention!
The bat barely misses you. The ball python closely misses you.
The ball python constricts you. The hobgoblin hits you.
What are your orders? t - Shout!
Orders for allies: a - Attack new target. r - Retreat! s - Stop attacking. g - Guard the area. f - Follow me.
Anything else - Cancel.
You shout for attention!
The ball python bites you but does no damage.
The ball python constricts you.
The orc hits you from afar with a +0 trident!
The hobgoblin hits you. What are your orders? t - Shout!
Orders for allies: a - Attack new target. r - Retreat! s - Stop attacking. g - Guard the area. f - Follow me.
Anything else - Cancel.
You shout for attention!
The bat hits you but does no damage.
The ball python bites you but does no damage.
The ball python constricts you. The hobgoblin hits you.
The orc hits you from afar with a +0 trident!
You die...

..#######
....b...#
......g@#
.....oS.g......
##......#######
#......#
########


You could see an orc, 2 hobgoblins, a bat and a ball python.

Vanquished Creatures
  A hound skeleton (D:2)
  A worm (D:2)
  2 dart slugs
  3 ball pythons
  5 bats
  2 giant cockroaches (D:1)
  3 goblins (D:1)
  3 hobgoblins
  4 kobolds (D:1)
  A quokka (D:2)
  3 frilled lizards
  5 rats
  6 butterflies (D:1)
39 creatures vanquished.

Vanquished Creatures (others)
  A fungus (D:1)
1 creature vanquished.

Grand Total: 40 creatures vanquished

Notes
Turn   | Place    | Note
-------+----------+-------------------------------------------
     0 | D:1      | DildoBatman the Formicid Conjurer began the quest for the
                  | Orb.
     0 | D:1      | Reached XP level 1. HP: 13/13 MP: 3/3
   411 | D:1      | Reached skill level 4 in Conjurations
   411 | D:1      | Reached XP level 2. HP: 13/19 MP: 3/5
   414 | D:1      | Learned a level 2 spell: Searing Ray
   554 | D:1      | Found a faded altar of an unknown god.
   558 | D:1      | Got Plato's Handbook of the Mountains
   679 | D:1      | Reached XP level 3. HP: 17/24 MP: 3/6
  1002 | D:2      | Noticed Sigmund
  1189 | D:2      | Found a bloodstained altar of Trog.
  1377 | D:2      | Reached XP level 4. HP: 29/31 MP: 1/7
  1379 | D:2      | You fall into a shaft and drop 1 floor!
  1389 | D:3      | Slain by an orc

Illustrated notes

Levels and vault maps discovered:
D:1:      dpeg_arrival_circle_labyrinth_c, layout_basic,
          shapermc_ecumenical_altar_rom_forum, serial_aquarium,
          aquarium_bridge_straight [aquarium_subvault_bridge,
          aquarium_subvault_wall, aquarium_subvault_bridge,
          aquarium_subvault_window], aquarium_bridge_straight
          [aquarium_subvault_bridge, aquarium_subvault_wall,
          aquarium_subvault_bridge, aquarium_subvault_wall],
          aquarium_window_corner, aquarium_window_fake, aquarium_view_2a,
          aquarium_view_2d, aquarium_balcony_5b, chequers_serial_rivers_room_a
D:2:      layout_basic, basic_altar, minmay_fountain_box, uniq_sigmund
D:3:      layout_rooms, nicolae_ru_awakened_eye, feat_on_display

Skill      XL: |  1 |
---------------+----+-----
Conjurations   | 4 |  4.6
Fighting       | |  0.6
Armour         | |  0.6
Dodging        | |  1.7
Stealth        | |  2.4
Spellcasting   | |  2.3

Action                   |  1- 3 |  4- 6 || total
-------------------------+-------+-------++-------
Melee: Staff             |    31 |       ||    31
 Cast: Magic Dart        |    43 |       ||    43
       Searing Ray       |     8 |       ||     8
 Abil: Dig               |     5 |       ||     5
       Shaft Self        |       |     1 ||     1
Armor: Robe              |     9 |     4 ||    13
Dodge: Dodged            |    34 |    10 ||    44
